 Dungeon Crawl Stone Soup version 0.17.0-57-g0e89251 (webtiles) character file.

22071 DeXoteric the Earth Mage (level 12, -10/72 HPs)
             Began as a Gargoyle Earth Elementalist on Dec 6, 2015.
             Was an Elder of Vehumet.
             Mangled by a komodo dragon (14 damage)
             ... on level 4 of the Lair of Beasts on Dec 7, 2015.
             The game lasted 01:32:12 (22018 turns).

DeXoteric the Earth Mage (GrEE)                    Turns: 22018, Time: 01:32:12

Health: -10/72     AC: 14    Str: 12    XL:     12   Next: 96%
Magic:  10/31      EV: 12    Int: 21    God:    Vehumet [****..]
Gold:   880        SH:  0    Dex: 10    Spells: 7 memorised, 6 levels left

rFire  + . .     SeeInvis +     b - 200 stones
rCold  . . .     Clarity  +     g - +0 robe {MR+}
rNeg   + . .     SustAt   .     (no shield)
rPois  ∞         Gourm    .     H - +0 helmet
rElec  +         Spirit   .     T - +0 cloak
rCorr  .         Warding  .     s - +1 pair of gloves
rMut   .         Stasis   .     (no boots)
MR     +....                    M - amulet of clarity
Stlth  ++........               L - ring of Jijicu {Wiz rPois rF+ SInv}
                                o - ring of magical power

@: repel missiles, somewhat resistant to hostile enchantments, unstealthy
A: negative energy resistance 1, electricity resistance, unbreathing,
petrification resistance, rot immunity, AC +8
a: Renounce Religion


You were on level 4 of the Lair of Beasts.
You worshipped Vehumet.
Vehumet was greatly pleased with you.
You were not hungry.

You visited 3 branches of the dungeon, and saw 16 of its levels.

You collected 880 gold pieces.

Inventory:

Hand Weapons
 a - a +2 whip of venom
Missiles
 b - 200 stones (in hand)
Armour
 g - a +0 robe of magic resistance (worn)
 s - a +1 pair of gloves (worn)
 H - a +0 helmet (worn)
 T - a +0 cloak (worn)
Jewellery
 o - a ring of magical power (left hand)
 u - an uncursed ring of protection from cold
 A - the ring "Laegh" {rN+ Int+5}
   (You found it on level 8 of the Dungeon)

   [ring of positive energy]

   It affects your intelligence (+5).
   It protects you from negative energy.
 L - the ring of Jijicu (right hand) {Wiz rPois rF+ SInv}
   (You found it on level 6 of the Dungeon)

   [ring of wizardry]

   It improves your spell success rate.
   It protects you from fire.
   It protects you from poison.
   It lets you see invisible.
 M - an amulet of clarity (around neck)
Wands
 r - a wand of disintegration (6)
 E - a wand of draining (0)
 O - a wand of lightning (0)
 W - a wand of digging (11)
Scrolls
 e - 2 scrolls of immolation {unknown}
 i - 2 scrolls of amnesia {unknown}
 j - 2 scrolls of teleportation
 m - 3 scrolls of fear {unknown}
 p - 2 scrolls of random uselessness {unknown}
 t - 3 scrolls of blinking {unknown}
 x - 5 scrolls of remove curse
 y - 2 scrolls of enchant armour
 D - a scroll of fog {unknown}
 G - 2 scrolls of recharging {unknown}
 I - 2 scrolls of magic mapping {unknown}
 K - 5 scrolls of enchant weapon {unknown}
 R - 3 scrolls of noise {unknown}
 V - a scroll of torment {unknown}
 X - a scroll of identify
 Z - a scroll of silence {unknown}
Potions
 f - 2 potions of lignification
 h - 7 potions of heal wounds
 k - 3 potions of invisibility
 v - a potion of magic
 w - 6 potions of curing
 z - a potion of haste
 B - 3 potions of agility
 C - 2 potions of flight
 F - 2 potions of might
 N - a potion of brilliance
 S - a potion of ambrosia {unknown}
 Y - a potion of cancellation {unknown}
Books
 c - a book of Geomancy

   Spells                             Type                      Level
   a - Sandblast                      Earth                        1
   b - Stoneskin                      Transmutation/Earth          2
   c - Passwall                       Transmutation/Earth          3
   d - Stone Arrow                    Conjuration/Earth            3
   e - Petrify                        Transmutation/Earth          4
   f - Lee's Rapid Deconstruction     Earth                        5
 n - a book of Debilitation

   Spells                             Type                      Level
   a - Corona                         Hexes                        1
   b - Slow                           Hexes                        2
   c - Gell's Gravitas                Hexes/Translocation          3
   d - Inner Flame                    Hexes/Fire                   3
   e - Cause Fear                     Hexes                        4
   f - Leda's Liquefaction            Hexes/Earth                  4
 q - a book of Air

   Spells                             Type                      Level
   a - Shock                          Conjuration/Air              1
   b - Swiftness                      Charms/Air                   2
   c - Repel Missiles                 Charms/Air                   2
   d - Static Discharge               Conjuration/Air              3
   e - Lightning Bolt                 Conjuration/Air              5
 P - a book of Hinderance

   Spells                             Type                      Level
   a - Confusing Touch                Hexes                        2
   b - Confuse                        Hexes                        3
   c - Gell's Gravitas                Hexes/Translocation          3
   d - Petrify                        Transmutation/Earth          4
   e - Metabolic Englaciation         Hexes/Ice                    5
 Q - a book of Annihilations

   Spells                             Type                      Level
   a - Poison Arrow                   Conjuration/Poison           6
   b - Chain Lightning                Conjuration/Air              8
   c - Lehudib's Crystal Spear        Conjuration/Earth            8
   d - Glaciate                       Conjuration/Ice              9
   e - Fire Storm                     Conjuration/Fire             9
Miscellaneous
 J - a box of beasts {used: 1}
Comestibles
 d - 12 bread rations
 l - 5 meat rations


   Skills:
 + Level 7.3 Fighting
 + Level 0.0 Armour
 + Level 1.5 Dodging
 - Level 2.1 Stealth
 - Level 7.2 Spellcasting
 + Level 9.9 Conjurations
 - Level 3.1 Charms
 - Level 0.7 Transmutations
 + Level 9.6 Fire Magic
 - Level 15.0 Earth Magic


You had 6 spell levels left.
You knew the following spells:

 Your Spells              Type           Power        Failure   Level  Hunger
a - Sandblast             Erth           ######       1%          1    None
b - Stone Arrow           Conj/Erth      ######       1%          3    None
c - Lee's Rapid Deconstr  Erth           ######....   1%          5    #####..
d - Throw Flame           Conj/Fire      #####.       1%          2    None
p - Petrify               Trmt/Erth      #####...     1%          4    ###....
r - Repel Missiles        Chrm/Air       ##....       4%          2    None
s - Stoneskin             Trmt/Erth      #####...     1%          2    None


Dungeon Overview and Level Annotations

Branches:
Dungeon (10/15)            Temple (1/1) D:7            Lair (5/8) D:10
 Shoals (0/4) Lair:3        Snake (0/4) Lair:5          Orc (0/4) D:9

Altars:
Ashenzari
Cheibriados
Dithmenos
Elyvilon
Fedhas
Gozag
Kikubaaqudgha
Makhleb
Nemelex Xobeh
Okawaru
Qazlal
Ru
Sif Muna
Trog
Vehumet
Xom
Yredelemnul
Zin
The Shining One

Annotations:
Lair:5 Maud


Innate Abilities, Weirdness & Mutations

You are resistant to torment.
Your stone body is resilient (AC +8).
You are immune to poison.
You resist negative energy.
You are resistant to electric shocks.
You can survive without breathing.
You are immune to petrification.
You are immune to rotting.


Message History

The komodo dragon hisses angrily.
Aim: Maud, wielding a demon trident of electrocution and wearing a chain mail (moderately wounded)
The stone arrow hits Maud.
Maud hits you from afar with a demon trident of electrocution!
Aim: Maud, wielding a demon trident of electrocution and wearing a chain mail (heavily wounded)
The stone arrow hits Maud.
Maud hits you from afar with a demon trident of electrocution!!
There is a stone staircase leading up here.
Maud hits you from afar with a demon trident of electrocution.
The komodo dragon hisses menacingly.
The komodo dragon bites you!
* * * LOW HITPOINT WARNING * * *
You climb upwards.
There is a stone staircase leading down here.
Aim: a komodo dragon The stone arrow hits the komodo dragon.
The komodo dragon bites you!!
* * * LOW HITPOINT WARNING * * *
Aim: a komodo dragon (heavily wounded)
The stone arrow hits the komodo dragon.
The komodo dragon bites you!
You die...

.................................
........................)........
.................................
.................................
.................................
.....#######P#...#..#P.#.........
...####### ###....#######....#.#.
...####..#####.l..##.##.##...###.
....##.....##...9+.'....##...##..
...###............##...###....#..
...###......##....###..###[...#..
.....####.####...#.###.##....##..
....## #####.....#.##.......####
....#####.#P..................P##
.............................P...
.................................
%................................


You could see a komodo dragon.

Vanquished Creatures
  3 hydras
  4 death yaks
  An oklob plant (Lair:5)
  A griffon (Lair:4)
  A black mamba (Lair:1)
  7 spiny frogs
  5 komodo dragons
  A troll (D:9)
  2 merfolk (Lair:3)
  A trapdoor spider zombie (D:9)
  16 yaks
  2 basilisks
  A hungry ghost (D:10)
  4 wolves (Lair:3)
  A hippogriff (Lair:3)
  Menkaure (D:5)
  10 water moccasins
  Edmund (D:6)
  2 wargs
  13 porcupines
  3 sky beasts
  A naga (Lair:5)
  4 orc warriors
  2 black bears
  A phantom (D:10)
  2 ice beasts
  8 crocodiles
  2 ogres
  4 centaurs
  18 giant frogs
  A big kobold (D:9)
  2 scorpions
  5 wights (D:9)
  An electric eel (Lair:3)
  2 giant frog zombies
  4 crimson imps
  A gnoll shaman (D:8)
  2 centaur zombies
  5 orc priests
  Ijyb (D:3)
  4 centaur skeletons
  7 orc wizards
  A giant frog skeleton (D:5)
  2 hounds
  10 worker ants
  Natasha (thrice) (D:3)
  7 iguanas
  12 sheep
  A hound skeleton (D:5)
  9 gnolls
  3 worker ant zombies
  13 adders
  69 river rats
  A shadow imp (D:8)
  2 adder zombies
  An adder skeleton (D:4)
  6 worms
  5 giant geckos
  31 orcs
  7 bats
  5 giant cockroaches
  10 goblins
  6 hobgoblins
  8 jackals
  2 quokkas
  2 ball pythons
  5 giant newts
  16 kobolds
  10 rats
  3 rat zombies (D:2)
  A plant (Lair:5)
408 creatures vanquished.

Vanquished Creatures (others)
  12 bushes
  16 fungi
  9 plants
37 creatures vanquished.

Grand Total: 445 creatures vanquished

Notes
Turn   | Place    | Note
--------------------------------------------------------------
     0 | D:1      | DeXoteric the Gargoyle Earth Elementalist began the quest for the Orb.
     0 | D:1      | Reached XP level 1. HP: 10/10 MP: 3/3
   215 | D:1      | Reached skill level 4 in Earth Magic
   258 | D:1      | Reached XP level 2. HP: 10/15 MP: 5/5
   359 | D:1      | Learned a level 2 spell: Stoneskin
  1126 | D:2      | Reached XP level 3. HP: 15/19 MP: 0/6
  1294 | D:2      | Reached skill level 5 in Earth Magic
  1470 | D:2      | Found an opulent altar of Gozag.
  1470 | D:2      | Found a glowing silver altar of Zin.
  1589 | D:2      | Found an ancient bone altar of Kikubaaqudgha.
  1684 | D:2      | Reached XP level 4. HP: 24/24 MP: 4/7
  1717 | D:2      | Learned a level 3 spell: Stone Arrow
  2460 | D:2      | Found an iron altar of Okawaru.
  2471 | D:2      | Found a glowing golden altar of the Shining One.
  2806 | D:3      | Learned a level 2 spell: Repel Missiles
  2874 | D:3      | Reached skill level 1 in Conjurations
  2874 | D:3      | Reached skill level 6 in Earth Magic
  2874 | D:3      | Reached XP level 5. HP: 22/28 MP: 4/9
  3013 | D:3      | Noticed Natasha
  3022 | D:3      | Killed Natasha
  3054 | D:3      | Noticed Natasha
  3078 | D:3      | Noticed Ijyb
  3093 | D:3      | Killed Ijyb
  3108 | D:3      | Killed Natasha
  3370 | D:3      | Reached XP level 6. HP: 32/32 MP: 10/10
  3722 | D:3      | Found a shimmering altar of Xom.
  3723 | D:3      | Noticed Natasha
  3746 | D:3      | Killed Natasha
  3952 | D:4      | Found a sacrificial altar of Ru.
  4118 | D:4      | Reached skill level 7 in Earth Magic
  4294 | D:4      | Reached XP level 7. HP: 36/36 MP: 12/12
  4741 | D:4      | Found a bloodstained altar of Trog.
  4876 | D:5      | Entered Level 5 of the Dungeon
  4883 | D:5      | Learned a level 5 spell: Lee's Rapid Deconstruction
  4991 | D:5      | Found a basalt altar of Yredelemnul.
  5231 | D:5      | Noticed Menkaure
  5263 | D:5      | Killed Menkaure
  5263 | D:5      | Reached skill level 8 in Earth Magic
  5395 | D:5      | Reached XP level 8. HP: 34/41 MP: 14/14
  5521 | D:5      | Reached skill level 1 in Charms
  5738 | D:5      | Reached skill level 9 in Earth Magic
  6238 | D:6      | Got a coiled glass ring
  6240 | D:6      | Identified the ring of Jijicu {Wiz rPois rF+ SInv} (You found it on level 6 of the Dungeon)
  6495 | D:6      | Noticed Edmund
  6503 | D:6      | Killed Edmund
  6503 | D:6      | Reached skill level 5 in Spellcasting
  7065 | D:6      | Reached skill level 10 in Earth Magic
  7266 | D:7      | Found a staircase to the Ecumenical Temple.
  7269 | D:7      | Found a radiant altar of Vehumet.
  7285 | D:7      | Reached XP level 9. HP: 35/45 MP: 17/17
  7394 | Temple   | Entered the Ecumenical Temple
  7740 | D:7      | Became a worshipper of Vehumet
  8809 | D:8      | Reached skill level 11 in Earth Magic
  8979 | D:8      | Reached * piety under Vehumet
  8979 | D:8      | Offered knowledge of Magic Dart by Vehumet.
  9014 | D:8      | Found a sparkling altar of Nemelex Xobeh.
  9150 | D:8      | Reached skill level 5 in Conjurations
  9344 | D:8      | Got a fine copper ring
  9346 | D:8      | Identified the ring "Laegh" {rN+ Int+5} (You found it on level 8 of the Dungeon)
  9627 | D:8      | You fall through a shaft!
  9896 | D:9      | Reached skill level 12 in Earth Magic
 10308 | D:9      | Reached XP level 10. HP: 50/50 MP: 16/19
 10796 | D:9      | Found a white marble altar of Elyvilon.
 11123 | D:9      | Found a deep blue altar of Sif Muna.
 11127 | D:9      | Found a staircase to the Orcish Mines.
 11167 | D:9      | Offered knowledge of Throw Flame by Vehumet.
 11174 | D:9      | Learned a level 2 spell: Throw Flame
 11508 | D:10     | Entered Level 10 of the Dungeon
 11534 | D:10     | Reached ** piety under Vehumet
 11673 | D:9      | Reached skill level 1 in Fire Magic
 11786 | D:10     | Found a staircase to the Lair.
 11821 | D:10     | Reached skill level 13 in Earth Magic
 12826 | D:10     | Learned a level 4 spell: Petrify
 12858 | Lair:1   | Entered Level 1 of the Lair of Beasts
 12944 | Lair:1   | Noticed a black mamba
 12961 | Lair:1   | Killed a black mamba
 12961 | Lair:1   | Reached skill level 1 in Fighting
 13905 | Lair:1   | Offered knowledge of Ignite Poison by Vehumet.
 14149 | Lair:1   | Reached XP level 11. HP: 56/58 MP: 17/21
 14153 | Lair:1   | Reached *** piety under Vehumet
 14738 | Lair:1   | Offered knowledge of Conjure Flame by Vehumet.
 14742 | Lair:1   | Reached skill level 5 in Fire Magic
 16356 | Lair:2   | Reached **** piety under Vehumet
 16736 | Lair:2   | Offered knowledge of Mephitic Cloud by Vehumet.
 17384 | Lair:3   | Reached skill level 14 in Earth Magic
 17477 | Lair:3   | Noticed a death yak
 17478 | Lair:3   | Noticed a death yak
 17478 | Lair:3   | Noticed a death yak
 17535 | Lair:3   | Reached ***** piety under Vehumet
 17535 | Lair:3   | Reached skill level 5 in Fighting
 17539 | Lair:3   | Killed a death yak
 17548 | Lair:3   | Killed a death yak
 17548 | Lair:3   | Offered knowledge of Ozocubu's Refrigeration by Vehumet.
 17601 | Lair:3   | Reached XP level 12. HP: 36/68 MP: 6/22
 17771 | Lair:3   | Noticed a five-headed hydra
 17781 | Lair:3   | Killed a five-headed hydra
 18056 | Lair:3   | Noticed a seven-headed hydra
 18061 | Lair:3   | Killed a seven-headed hydra
 18720 | Lair:3   | Found a staircase to the Shoals.
 19458 | Lair:3   | Killed a death yak
 19990 | Lair:4   | Noticed a five-headed hydra
 19995 | Lair:4   | Killed a five-headed hydra
 21029 | Lair:5   | Noticed Maud
 21032 | Lair:5   | Noticed a death yak
 21058 | Lair:5   | Found a staircase to the Snake Pit.
 21058 | Lair:5   | Noticed a death yak
 21058 | Lair:5   | Noticed a death yak
 21059 | Lair:5   | Noticed a death yak
 21419 | Lair:5   | Noticed a death yak
 21853 | Lair:4   | Killed a death yak
 21853 | Lair:4   | Reached skill level 15 in Earth Magic
 22018 | Lair:4   | Mangled by a komodo dragon

Action                   |  1- 3 |  4- 6 |  7- 9 | 10-12 || total
-------------------------+-------+-------+-------+-------++-------
Melee: Dagger            |     9 |       |       |       ||     9
       Whip              |    43 |   212 |   265 |    70 ||   590
Throw: Stone             |       |       |       |     1 ||     1
 Cast: Sandblast         |    54 |   125 |   217 |   126 ||   522
       Repel Missiles    |       |     1 |     1 |     2 ||     4
       Stone Arrow       |       |       |    13 |   157 ||   170
       Throw Flame       |       |       |       |   385 ||   385
       Lee's Rapid Decon |       |       |       |    35 ||    35
       Petrify           |       |       |       |     2 ||     2
Evoke: Wand              |       |       |       |     5 ||     5
       Box of beasts     |       |       |       |     1 ||     1
  Use: Scroll            |       |     1 |     9 |     8 ||    18
       Potion            |       |       |       |     1 ||     1
 Stab: Sleeping          |       |       |     2 |       ||     2
  Eat: Chunk             |     3 |     9 |    19 |    27 ||    58
       Beef jerky        |       |       |       |     3 ||     3
       Meat ration       |       |       |       |     2 ||     2
       Fruit             |       |       |       |     2 ||     2
       Pizza             |       |       |       |     1 ||     1
